 Dungeon Crawl Stone Soup version 0.30-a0-377-g5cb311bc9f (webtiles) character file.

Game seed: 14648628224956309847

837 funkygono the Firebug (level 7, -6/46 HPs)
             Began as a Demonspawn Fire Elementalist on Nov 30, 2022.
             Mangled by a lemure (7 damage)
             ... led by Pikel
             ... on level 4 of the Dungeon.
             The game lasted 00:07:58 (3951 turns).

funkygono the Firebug (DsFE)                        Turns: 3951, Time: 00:07:59

Health: -6/46      AC:  3    Str:  8    XL:     7   Next: 66%
Magic:  9/14       EV: 13    Int: 22    God:
Gold:   58         SH:  5    Dex: 22    Spells: 6/16 levels left

rFire   + . .      SeeInvis .    A - +7 whip of Leapp {elec, Drain rF+ rN+++ Int+4}
rCold   . . .      Faith    .    (no shield)
rNeg    + + +      Spirit   .    a - +0 robe
rPois   .          Reflect  +    (no helmet)
rElec   .          Harm     .    (no cloak)
rCorr   .          Rampage  .    (no gloves)
Will    .....                    o - +0 pair of boots
Stlth   +++.......               w - amulet of reflection
HPRegen 0.27/turn                k - +6 ring of dexterity
MPRegen 0.14/turn                r - ring of wizardry

@: no status effects
A: hooves 1, thin skeletal structure 1, demonic guardian 1, powered by death 1
a: no special abilities


You were on level 4 of the Dungeon.
You visited 1 branch of the dungeon, and saw 4 of its levels.

You collected 223 gold pieces.
You spent 165 gold pieces at shops.

Inventory:

Hand Weapons
 c - a +0 dagger
 i - a +0 whip
 p - a +1 short sword of protection
 A - the +7 whip of Leapp (weapon) {elec, Drain rF+ rN+++ Int+4}
   (You bought it in a shop on level 3 of the Dungeon)

   It occasionally discharges a powerful burst of electricity upon striking a
   foe.
   Int:       It affects your intelligence (+4).
   rF:        It protects you from fire.
   rN:        It renders you almost immune to negative energy.
   Drain:     It drains your maximum health when unequipped.
 E - the +8 spear of the Heavens {freeze, Str+4}
   (You found it on level 4 of the Dungeon)

   It freezes those it strikes, dealing additional cold damage.
   It can also slow down cold-blooded creatures.
   Str:       It affects your strength (+4).
Armour
 a - a +0 robe (worn)
 j - a +0 leather armour
 m - an orb of mayhem
 o - a +0 pair of boots (worn)
 B - a +3 ring mail
Jewellery
 k - a +6 ring of dexterity (left hand)
 r - a ring of wizardry (right hand)
 w - an amulet of reflection (around neck)
 C - a ring of see invisible
Wands
 y - a wand of paralysis (11)
 z - a wand of polymorph (7)
Scrolls
 d - a scroll of vulnerability {unknown}
 f - a scroll of immolation {unknown}
 g - a scroll of poison {unknown}
 l - a scroll of butterflies {unknown}
 n - a scroll of identify {unknown}
 t - a scroll of blinking {unknown}
 x - a scroll of noise {unknown}
 D - a scroll of enchant weapon {unknown}
Potions
 e - 2 potions of lignification {unknown}
 h - a potion of curing
 s - a potion of mutation {unknown}
 u - a potion of resistance {unknown}
 v - a potion of attraction {unknown}


   Skills:
 + Level 0.2 Fighting
 + Level 2.1 Dodging
 - Level 1.7 Stealth
 + Level 5.1 Spellcasting
 + Level 3.4 Conjurations
 + Level 5.8 Fire Magic


You had 6 spell levels left.
You knew the following spells:

 Your Spells              Type           Power      Damage    Failure   Level
a - Foxfire               Conj/Fire      100%       2x1d9     1%          1
b - Scorch                Fire           62%        2d8       1%          2
c - Kindle Blastsparks    Fire/Tloc/Air  28%        2d12      5%          3
d - Flame Wave            Conj/Fire      26%        2d8       6%          4

Your spell library contained the following spells:

 Spells                   Type           Power      Damage    Failure   Level
 Inner Flame              Hex/Fire       18%        N/A       3%          3
 Ignite Poison            Fire/Tmut/Pois 14%        N/A       5%          3
 Summon Guardian Golem    Hex/Summ       5%         N/A       12%         3
 Freezing Cloud           Conj/Ice/Air   5%         6-21      52%         5
 Orb of Destruction       Conj           10%        9d6       100%        7
 Spellforged Servitor     Conj/Summ      6%         N/A       100%        7


Dungeon Overview and Level Annotations

Branches:
Dungeon (4/15)
 Temple: D:4-7

Altars:
Okawaru
Uskayaw

Shops:
D:3 (:(:

Annotations:
D:4 Pikel


Innate Abilities, Weirdness & Mutations

You have large cloven feet.
You have a somewhat thin skeletal structure. (Dex +2, Stealth+)
A weak demonic guardian rushes to your aid.
You regenerate a little health from kills.


Message History

Casting: Scorch (safe; 1% risk of failure)
Confirm with . or Enter, or press ? or * to list all spells.
You don't have enough magic to cast this spell.
Unknown command.
You feel better. You block Pikel's attack. The lemure closely misses you.
Magic courses through your body.
Pikel hits you with a +1 whip of freezing!
Pikel freezes you.
* * * LOW HITPOINT WARNING * * *
A demonic guardian appears!
The lemure hits you but does no damage. The lemure closely misses you.
Casting: Scorch (safe; 1% risk of failure)
Confirm with . or Enter, or press ? or * to list all spells.
Casting: Flame Wave (dangerous; 6% risk of failure)
Press: ? - help, Dir - look around, f - activate A wave of flame ripples out!
The flame wave engulfs the lemure!
The lemure is almost dead.
The flame wave engulfs Pikel.
Pikel is moderately wounded.
The flame wave engulfs the lemure.
The lemure is lightly wounded. (Press . to intensify the flame waves.)
You hear an angry hiss.
Pikel completely misses you. The lemure barely misses you.
The lemure hits you but does no damage.
Your shadow imp barely misses the lemure.
A wave of flame ripples out!
The flame wave engulfs the lemure!
You kill the lemure!
That felt strangely unrewarding.
The flame wave engulfs Pikel!
Pikel is heavily wounded.
The flame wave engulfs the lemure.
The lemure is lightly wounded.
Your demonic guardian avoids your attack.
An adder comes into view.
Pikel hits you with a +1 whip of freezing!
* * * LOW HITPOINT WARNING * * *
Pikel freezes you.
* * * LOW HITPOINT WARNING * * *
The lemure hits you!
You die...

..B........#.##........####
..#..S##................##.
. #.................##...##
...................##....#
...#.#..5........#..###....
...###.5........###...##...
.##.......#...###..###.#
.....5.K5###..###.###...
......#@.####.##..###...
...##.##..###.....#.....
...†..)<....#.......####
.#..##........#..###.# ..
#........#..## .#
......#.)........# ##
......###..........
..#.........##..#.## .
#..._.....#######


You could see Pikel, 3 lemures, an adder (confused) and a friendly shadow imp
(summoned).

Vanquished Creatures
  Grinder (D:3)
  Sigmund (D:2)
  A black bear (D:4)
  A lemure (D:4)
  A scorpion (D:4)
  3 orc priests
  A gnoll bouda (D:4)
  2 iguanas
  8 adders
  A worm (D:2)
  3 dart slugs (D:2)
  13 orcs
  17 ball pythons
  4 endoplasms
  3 giant cockroaches
  6 goblins
  5 hobgoblins
  2 jackals (D:3)
  6 kobolds
  4 quokkas
  7 bats
  4 frilled lizards
  6 rats
100 creatures vanquished.

Vanquished Creatures (collateral kills)
  An endoplasm (D:2)
  A hobgoblin (D:2)
  A kobold (D:2)
3 creatures vanquished.

Vanquished Creatures (others)
  274 foxfires
  2 plants (D:3)
276 creatures vanquished.

Grand Total: 379 creatures vanquished

Notes
Turn   | Place    | Note
-------+----------+-------------------------------------------
     0 | D:1      | funkygono the Demonspawn Fire Elementalist began the quest
                  | for the Orb.
     0 | D:1      | Reached XP level 1. HP: 13/13 MP: 3/3
   274 | D:1      | Gained mutation: A weak demonic guardian rushes to your
                  | aid. [demonic ancestry]
   274 | D:1      | Reached XP level 2. HP: 19/19 MP: 1/5
   413 | D:1      | Learned a level 2 spell: Scorch
  1161 | D:2      | Noticed Sigmund
  1256 | D:2      | Killed Sigmund
  1257 | D:2      | Reached XP level 3. HP: 24/24 MP: 2/7
  1257 | D:2      | Gained mutation: You have large cloven feet. [demonic
                  | ancestry]
  1257 | D:2      | Reached XP level 4. HP: 30/30 MP: 2/9
  1257 | D:2      | Gained mutation: You have a somewhat thin skeletal
                  | structure. (Dex +2, Stealth+) [demonic ancestry]
  1257 | D:2      | Reached XP level 5. HP: 35/35 MP: 2/10
  1337 | D:2      | Learned a level 3 spell: Kindle Blastsparks
  1342 | D:2      | Learned a level 4 spell: Flame Wave
  2028 | D:2      | Gained mutation: You regenerate a little health from kills.
                  | [demonic ancestry]
  2028 | D:2      | Reached XP level 6. HP: 41/41 MP: 7/11
  2367 | D:3      | Found Podwish's Book Shop.
  2428 | D:3      | Found an iron altar of Okawaru.
  2439 | D:3      | Found Qimexa's Antique Weapon Shoppe.
  2508 | D:3      | Found a faded altar of an unknown god.
  2588 | D:3      | Noticed Grinder
  2598 | D:3      | Paralysed by Grinder for 4 turns
  2603 | D:3      | Killed Grinder
  2604 | D:3      | Reached skill level 5 in Fire Magic
  2701 | D:3      | Reached XP level 7. HP: 46/46 MP: 4/13
  2835 | D:3      | Found Qaudia's Book Boutique.
  3338 | D:3      | Found Gihuumic's Antique Weapon Boutique.
  3353 | D:3      | Bought an encrusted whip for 165 gold pieces
  3353 | D:3      | Identified the +7 whip of Leapp {elec, Drain rF+ rN+++
                  | Int+4} (You bought it in a shop on level 3 of the Dungeon)
  3590 | D:4      | Noticed a +0 hand axe
  3590 | D:4      | Noticed a +0 dagger
  3591 | D:4      | Found a hide-covered altar of Uskayaw.
  3717 | D:4      | Reached skill level 5 in Spellcasting
  3871 | D:4      | Identified the +8 spear of the Heavens {freeze, Str+4}
  3928 | D:4      | Noticed Pikel
  3951 | D:4      | HP: 2/46 [Pikel/+1 whip of freezing (8)]
  3951 | D:4      | Mangled by a lemure

Illustrated notes

Levels and vault maps discovered:
D:1:      lemuel_arrival_lava_pool, layout_basic
D:2:      layout_basic, minmay_tree_intersection, minmay_tromino_v4_b,
          uniq_sigmund
D:3:      layout_loops_ring, okawaru_trees_1, nicolae_ecumenical_snake_handling,
          serial_shops, nicolae_square_shop, nicolae_shop_stone,
          nicolae_shop_overgrown_old_shop, nicolae_shop_statue_plus,
          uniq_grinder
D:4:      layout_cave_pools, dancing_weapons_uskayaw,
          minmay_overflow_temple_hex, xom_confusion_cloud,
          biasface_ghost_orc_armoury, hangedman_abyss_or_decor_stagger,
          kennysheep_generic_room_12, uniq_pikel, uniq_menkaure

Skill      XL: |  1  2  3  4  5  6  7 |
---------------+----------------------+-----
Fire Magic     | 3 4 5 |  5.8
Dodging        | 2 |  2.1
Spellcasting   | 3 4 5 |  5.1
Conjurations   | 2 3 |  3.4
Fighting       | |  0.2
Stealth        | |  1.7

Action                   |  1- 3 |  4- 6 |  7- 9 || total
-------------------------+-------+-------+-------++-------
Melee: Whip              |       |     5 |       ||     5
 Cast: Foxfire           |    36 |    62 |    70 ||   168
       Scorch            |     7 |    13 |    13 ||    33
       Flame Wave        |       |       |     1 ||     1
  Use: Potion            |     1 |       |     3 ||     4
Armor: Robe              |     4 |     3 |     2 ||     9
Dodge: Dodged            |     8 |    20 |    13 ||    41
Block: Other             |       |       |     5 ||     5

Table legend: (Time is in decaauts)
 A = Elapsed time spent in this place.
 B = Non-inter-level travel time spent in this place.
 C = Inter-level travel time spent in this place.
 D = Time resting spent in this place.
 E = Time spent auto-exploring this place.
 F = Levels seen in this place.
 G = Mean time per level.
                   A        B        C        D        E       F      G
               +--------+--------+--------+--------+--------+-----+--------+
         Total |   3950 |   3885 |     65 |     67 |   3156 |   4 |  987.5 |
       Dungeon |   3950 |   3885 |     65 |     67 |   3156 |   4 |  987.5 |
               +--------+--------+--------+--------+--------+-----+--------+

Top non-repeatable levels by time:
     D:1: 1243 daAuts
     D:3: 1220 daAuts
     D:2: 1083 daAuts
     D:4: 402 daAuts
